 Dungeon Crawl Stone Soup version 0.29.0-4-gdea44cf6ec (webtiles) character file.

Game seed: 12851954453353167323

2461 qw the Grappler (level 9, -5/83 HPs)
             Began as a Troll Cinder Acolyte on Sept 1, 2022.
             Was a Priest of Ignis.
             Slain by a red ugly thing (6 damage)
             ... on level 7 of the Dungeon.
             The game lasted 00:03:26 (5286 turns).

qw the Grappler (Troll Cinder Acolyte)              Turns: 5286, Time: 00:03:26

Health: -5/83      AC: 12    Str: 24    XL:     9   Next: 26%
Magic:  9/9        EV:  8    Int: 10    God:    Ignis [***...]
Gold:   319        SH: 13    Dex:  7    Spells: 10/10 levels left

rFire   + . .      SeeInvis .     - Unarmed
rCold   . . .      Faith    .   q - +0 kite shield
rNeg    . . .      Spirit   .   a - +0 robe
rPois   +          Reflect  +   (helmet restricted)
rElec   .          Harm     .   l - +0 cloak
rCorr   .          Rampage  .   (gloves unavailable)
Will    .....                   (boots unavailable)
Stlth   ++........              n - amulet of reflection
HPRegen 1.03/turn               d - +4 ring of slaying {mikee}
MPRegen 0.11/turn               (no ring)

@: about to teleport, fiery-armoured
A: large, unfitting armour, claws 3, regeneration 1, shaggy fur 1, tough skin 1,
thin skeletal structure 1, poison resistance, weak 2
a: Renounce Religion, Fiery Armour, Foxfire Swarm, Rising Flame


You were on level 7 of the Dungeon.
You worshipped Ignis.
Ignis was most pleased with you.
You visited 1 branch of the dungeon, and saw 7 of its levels.

You collected 319 gold pieces.


Innate Abilities, Weirdness & Mutations

You are too large for most types of armour.
You have claws for hands.
Your natural rate of healing is unusually fast.
You are covered in fur. (AC +1)
You have tough skin. (AC +1)
You have a somewhat thin skeletal structure. (Dex +2, Stealth+)
Your system is resistant to poisons. (rPois)
You are very weak. (Str -4)


   Skills:
 - Level 3.3 Fighting
 - Level 1.0 Dodging
 - Level 7.0 Shields
 + Level 9.8 Unarmed Combat
 - Level 1.0 Spellcasting
 - Level 2.1 Fire Magic


You had 10 spell levels left.
You didn't know any spells.
Your spell library contained the following spells:

 Spells                   Type           Power      Damage    Failure   Level
 Scorch                   Fire           8%         2d5       41%         2

Inventory:

Armour
 a - a +0 robe (worn)
 l - a +0 cloak (worn)
 q - a +0 kite shield (worn)
Jewellery
 d - a +4 ring of slaying (left claw) {mikee}
 g - an amulet of guardian spirit
 m - a ring of fire
 n - an amulet of reflection (around neck)
Scrolls
 e - 4 scrolls of teleportation
 i - a scroll of enchant armour {unknown}
 j - a scroll of identify
Potions
 b - a potion of cancellation
 c - 3 potions of curing
 f - a potion of haste
 h - a potion of attraction {unknown}
 p - 2 potions of might {unknown}

Dungeon Overview and Level Annotations

Branches:
Dungeon (7/15)             Temple (0/1) D:5

Altars:
Gozag
Hepliaklqana
Nemelex Xobeh
Ru
Uskayaw


Message History

The red ugly thing is lightly wounded.
The red ugly thing kicks you!
You are engulfed in flames!
You resist.
You claw the red ugly thing!
The red ugly thing is moderately wounded.
You block the red ugly thing's attack.
You scratch the red ugly thing.
The red ugly thing is moderately wounded.
You block the red ugly thing's attack.
You claw the red ugly thing!
The red ugly thing is heavily wounded.
You block the red ugly thing's attack.
You scratch the red ugly thing but do no damage.
The red ugly thing is heavily wounded.
The red ugly thing kicks you but does no damage.
You barely miss the red ugly thing.
The red ugly thing is heavily wounded.
The red ugly thing kicks you but does no damage.
You mangle the red ugly thing!!
The red ugly thing is severely wounded.
The red ugly thing kicks you!
You are engulfed in flames!
You resist.
5282 ||| Stepping ~*~*~tactically~*~*~ (stealth).
The red ugly thing attacks as you move away!
You block the red ugly thing's attack.
You completely miss the red ugly thing.
The red ugly thing is severely wounded.
The red ugly thing kicks you.
You are engulfed in flames.
You resist.
5284 ||| INVOKING Fiery Armour.
A protective cloak of flame settles atop you.
The red ugly thing kicks you!
You are engulfed in flames!
You resist.
The red ugly thing resists.
The red ugly thing is burned by your cloak of flames.
The red ugly thing is severely wounded.
5285 ||| Stepping ~*~*~tactically~*~*~ (stealth).
The red ugly thing attacks as you move away!
The red ugly thing kicks you!
You are engulfed in flames!
You resist.
5286 ||| READING 5 scrolls of teleportation.
As you read the scroll of teleportation, it crumbles to dust.
You feel strangely unstable. The red ugly thing kicks you.
You are engulfed in flames.
You resist.
You die...

.#.....#...........#
.#.....#...........# ..
.#.....'...........# .
.#.....#...........# .#
.#.....#...........# .##
.#.....#...........#...##.
.#'#######'####+####.....# ###
.....................# #..
................@u...#.# #..
.....................C.# #..
.....................### #..
.....................# #.#
....##########'################'#
....#....'.......#..............#
....#....#.......#..............'
....'...)#<......#..............#
....##############.......##.....#


You could see a red ugly thing and a cyclops (wandering).

Vanquished Creatures
  Prince Ribbit (D:7)
  Menkaure (D:7)
  2 water moccasins (D:6)
  A sky beast (D:6)
  2 centaurs (D:7)
  2 ogres (D:5)
  A phantom (D:6)
  A kobold brigand (D:6)
  2 gnoll sergeants
  2 bullfrogs (D:7)
  2 necrophages
  2 scorpions
  6 killer bees (D:7)
  2 jellies (D:6)
  An orc priest (D:4)
  Ijyb (D:4)
  A gnoll bouda (D:3)
  2 orc wizards
  18 gnolls
  10 adders
  A shadow imp (D:5)
  4 worms (D:2)
  4 dart slugs
  17 orcs
  16 ball pythons
  6 endoplasms
  15 giant cockroaches
  10 goblins
  4 hobgoblins
  3 jackals (D:5)
  14 kobolds
  3 quokkas
  6 bats
  4 frilled lizards
  6 rats
173 creatures vanquished.

Vanquished Creatures (others)
  5 plants (D:2)
5 creatures vanquished.

Grand Total: 178 creatures vanquished

Notes
Turn   | Place    | Note
-------+----------+-------------------------------------------
     0 | D:1      | qw the Troll Cinder Acolyte began the quest for the Orb.
     0 | D:1      | Reached XP level 1. HP: 22/22 MP: 1/1
     0 | D:1      | 0 ||| qw: Version: 0.1-a-97-g2dd2ca4
     0 | D:1      | 0 ||| qw: Game counter: 4897
     0 | D:1      | 0 ||| qw: Always use a shield: true
     0 | D:1      | 0 ||| qw: God list: Okawaru
     0 | D:1      | 0 ||| qw: Allow faded altars: false
     0 | D:1      | 0 ||| qw: Do Orc after D:15 true
     0 | D:1      | 0 ||| qw: Do second Lair branch before Depths: true
     0 | D:1      | 0 ||| qw: Lair rune preference: random
     0 | D:1      | 0 ||| qw: Plans: Normal
     0 | D:1      | 0 ||| PLANNING D:1-11
    13 | D:1      | 13 ||| Stepping ~*~*~tactically~*~*~ (stealth).
    15 | D:1      | 15 ||| Stepping ~*~*~tactically~*~*~ (stealth).
    16 | D:1      | 16 ||| Stepping ~*~*~tactically~*~*~ (stealth).
   128 | D:1      | Reached XP level 2. HP: 29/29 MP: 2/2
   227 | D:1      | Reached skill level 4 in Unarmed Combat
   353 | D:1      | Reached XP level 3. HP: 36/36 MP: 3/3
   435 | D:1      | 435 ||| Stepping ~*~*~tactically~*~*~ (stealth).
   437 | D:1      | 437 ||| Stepping ~*~*~tactically~*~*~ (outnumbered).
   759 | D:1      | 759 ||| READING scroll labelled CUMAB XOZEUZAT.
   760 | D:1      | 760 ||| READING 2 scrolls labelled IWKIKY XEFASH.
   761 | D:1      | 761 ||| READING 3 scrolls labelled HIJYECEERO.
   764 | D:1      | 764 ||| READING scroll labelled FUREAV EMUOTI.
   765 | D:1      | 765 ||| READING scroll labelled PAZOWK SOPSOFE.
   766 | D:1      | 766 ||| DROPPING scroll of summoning.
   767 | D:1      | 767 ||| READING 2 scrolls of teleportation.
   797 | D:2      | 797 ||| Stepping ~*~*~tactically~*~*~ (stealth).
   812 | D:2      | 812 ||| Stepping ~*~*~tactically~*~*~ (stealth).
   816 | D:2      | 816 ||| Stepping ~*~*~tactically~*~*~ (stealth).
   846 | D:2      | 846 ||| Stepping ~*~*~tactically~*~*~ (stealth).
   849 | D:2      | 849 ||| Stepping ~*~*~tactically~*~*~ (outnumbered).
   850 | D:2      | 850 ||| Stepping ~*~*~tactically~*~*~ (outnumbered).
   851 | D:2      | 851 ||| Stepping ~*~*~tactically~*~*~ (outnumbered).
   859 | D:2      | 859 ||| Stepping ~*~*~tactically~*~*~ (stealth).
   971 | D:2      | 971 ||| Stepping ~*~*~tactically~*~*~ (stealth).
   999 | D:2      | 999 ||| Stepping ~*~*~tactically~*~*~ (stealth).
  1000 | D:2      | 1000 ||| Stepping ~*~*~tactically~*~*~ (stealth).
  1008 | D:2      | Reached XP level 4. HP: 44/44 MP: 4/4
  1012 | D:2      | 1012 ||| Stepping ~*~*~tactically~*~*~ (outnumbered).
  1013 | D:2      | 1013 ||| Stepping ~*~*~tactically~*~*~ (outnumbered).
  1014 | D:2      | 1014 ||| Stepping ~*~*~tactically~*~*~ (outnumbered).
  1016 | D:2      | Reached skill level 5 in Unarmed Combat
  1020 | D:2      | 1020 ||| Stepping ~*~*~tactically~*~*~ (outnumbered).
  1021 | D:2      | 1021 ||| Stepping ~*~*~tactically~*~*~ (outnumbered).
  1054 | D:2      | 1054 ||| Stepping ~*~*~tactically~*~*~ (stealth).
  1349 | D:2      | 1349 ||| Stepping ~*~*~tactically~*~*~ (hiding).
  1350 | D:2      | 1350 ||| Stepping ~*~*~tactically~*~*~ (hiding).
  1471 | D:2      | 1471 ||| INVOKING Fiery Armour.
  1478 | D:2      | Reached XP level 5. HP: 50/50 MP: 5/5
  1642 | D:2      | 1642 ||| UPGRADING to +4 ring of slaying {mikee}.
  1643 | D:2      | 1643 ||| READING scroll labelled HAMIV IFIEDI.
  1644 | D:2      | 1644 ||| READING scroll labelled ZIAPNIRIME.
  1645 | D:2      | 1645 ||| DRINKING 3 glowing cyan potions.
  1646 | D:2      | 1646 ||| READING 2 scrolls of identify.
  1646 | D:2      | 1646 ||| IDENTIFYING lumpy blue potion
  1716 | D:3      | 1716 ||| Stepping ~*~*~tactically~*~*~ (stealth).
  1750 | D:3      | 1750 ||| INVOKING Fiery Armour.
  1755 | D:3      | Reached skill level 6 in Unarmed Combat
  2003 | D:3      | 2003 ||| Stepping ~*~*~tactically~*~*~ (stealth).
  2011 | D:3      | Found a faded altar of an unknown god.
  2229 | D:3      | 2229 ||| Stepping ~*~*~tactically~*~*~ (hiding).
  2498 | D:3      | 2498 ||| UPGRADING to +0 cloak.
  2503 | D:3      | 2503 ||| UPGRADING to amulet of reflection.
  2508 | D:3      | 2508 ||| READING scroll labelled GINUSI VOMO.
  2509 | D:3      | 2509 ||| DRINKING 2 bubbling brown potions.
  2510 | D:3      | 2510 ||| DRINKING 2 fizzy pink potions.
  2511 | D:3      | 2511 ||| READING 2 scrolls of identify.
  2511 | D:3      | 2511 ||| IDENTIFYING metallic red potion
  2512 | D:3      | 2512 ||| DROPPING potion of invisibility.
  2513 | D:3      | 2513 ||| DROPPING potion of brilliance.
  2600 | D:4      | 2600 ||| Stepping ~*~*~tactically~*~*~ (stealth).
  2608 | D:4      | 2608 ||| Stepping ~*~*~tactically~*~*~ (outnumbered).
  2610 | D:4      | 2610 ||| Stepping ~*~*~tactically~*~*~ (outnumbered).
  2616 | D:4      | Reached XP level 6. HP: 54/59 MP: 6/6
  2616 | D:4      | 2616 ||| Stepping ~*~*~tactically~*~*~ (outnumbered).
  2617 | D:4      | 2617 ||| Stepping ~*~*~tactically~*~*~ (outnumbered).
  2618 | D:4      | 2618 ||| Stepping ~*~*~tactically~*~*~ (outnumbered).
  2619 | D:4      | 2619 ||| Stepping ~*~*~tactically~*~*~ (outnumbered).
  2620 | D:4      | 2620 ||| Stepping ~*~*~tactically~*~*~ (outnumbered).
  2621 | D:4      | 2621 ||| Stepping ~*~*~tactically~*~*~ (outnumbered).
  2622 | D:4      | 2622 ||| Stepping ~*~*~tactically~*~*~ (outnumbered).
  2623 | D:4      | 2623 ||| Stepping ~*~*~tactically~*~*~ (outnumbered).
  2624 | D:4      | 2624 ||| Stepping ~*~*~tactically~*~*~ (outnumbered).
  2625 | D:4      | 2625 ||| Stepping ~*~*~tactically~*~*~ (outnumbered).
  2626 | D:4      | 2626 ||| Stepping ~*~*~tactically~*~*~ (outnumbered).
  2627 | D:4      | 2627 ||| Stepping ~*~*~tactically~*~*~ (outnumbered).
  2628 | D:4      | 2628 ||| Stepping ~*~*~tactically~*~*~ (outnumbered).
  2629 | D:4      | 2629 ||| Stepping ~*~*~tactically~*~*~ (outnumbered).
  2635 | D:4      | Noticed Ijyb
  2636 | D:4      | 2636 ||| Stepping ~*~*~tactically~*~*~ (hiding).
  2638 | D:4      | 2638 ||| Stepping ~*~*~tactically~*~*~ (hiding).
  2642 | D:4      | Killed Ijyb
  2643 | D:4      | Reached skill level 7 in Unarmed Combat
  2651 | D:4      | 2651 ||| Stepping ~*~*~tactically~*~*~ (stealth).
  2663 | D:4      | 2663 ||| Stepping ~*~*~tactically~*~*~ (stealth).
  2664 | D:4      | 2664 ||| Stepping ~*~*~tactically~*~*~ (stealth).
  2727 | D:4      | 2727 ||| Stepping ~*~*~tactically~*~*~ (stealth).
  2731 | D:4      | 2731 ||| Stepping ~*~*~tactically~*~*~ (hiding).
  2810 | D:4      | 2810 ||| Stepping ~*~*~tactically~*~*~ (outnumbered).
  2811 | D:4      | 2811 ||| INVOKING Fiery Armour.
  2812 | D:4      | 2812 ||| Stepping ~*~*~tactically~*~*~ (outnumbered).
  2813 | D:4      | 2813 ||| DRINKING 3 potions of curing.
  2813 | D:4      | 2813 ||| (to cure confusion)
  2814 | D:4      | 2814 ||| Stepping ~*~*~tactically~*~*~ (outnumbered).
  3016 | D:4      | 3016 ||| DRINKING 2 fizzy yellow potions.
  3120 | D:4      | 3120 ||| READING 2 scrolls of identify.
  3120 | D:4      | 3120 ||| IDENTIFYING coppery potion
  3121 | D:4      | 3121 ||| DROPPING potion of ambrosia.
  3122 | D:4      | 3122 ||| DROPPING potion of berserk rage.
  3163 | D:5      | Entered Level 5 of the Dungeon
  3201 | D:5      | Found a staircase to the Ecumenical Temple.
  3203 | D:5      | 3203 ||| Stepping ~*~*~tactically~*~*~ (stealth).
  3204 | D:5      | 3204 ||| Stepping ~*~*~tactically~*~*~ (stealth).
  3205 | D:5      | 3205 ||| Stepping ~*~*~tactically~*~*~ (stealth).
  3237 | D:5      | 3237 ||| Stepping ~*~*~tactically~*~*~ (stealth).
  3238 | D:5      | 3238 ||| Stepping ~*~*~tactically~*~*~ (stealth).
  3244 | D:5      | 3244 ||| Stepping ~*~*~tactically~*~*~ (hiding).
  3245 | D:5      | 3245 ||| INVOKING Fiery Armour.
  3248 | D:5      | HP: 14/59 [gnoll sergeant/+0 spear of venom (8)]
  3249 | D:5      | 3249 ||| READING 4 scrolls of teleportation.
  3250 | D:5      | 3250 ||| DRINKING potion of heal wounds.
  3294 | D:5      | Reached skill level 8 in Unarmed Combat
  3294 | D:5      | Reached XP level 7. HP: 66/66 MP: 7/7
  3324 | D:5      | Reached skill level 3 in Fighting
  3344 | D:5      | Found a hide-covered altar of Uskayaw.
  3408 | D:5      | 3408 ||| Stepping ~*~*~tactically~*~*~ (stealth).
  3410 | D:5      | 3410 ||| Stepping ~*~*~tactically~*~*~ (stealth).
  3412 | D:5      | 3412 ||| Stepping ~*~*~tactically~*~*~ (stealth).
  3414 | D:5      | 3414 ||| Stepping ~*~*~tactically~*~*~ (hiding).
  3415 | D:5      | 3415 ||| Stepping ~*~*~tactically~*~*~ (hiding).
  3416 | D:5      | 3416 ||| Stepping ~*~*~tactically~*~*~ (hiding).
  3418 | D:5      | 3418 ||| Stepping ~*~*~tactically~*~*~ (hiding).
  3439 | D:5      | 3439 ||| Stepping ~*~*~tactically~*~*~ (stealth).
  3440 | D:5      | 3440 ||| Stepping ~*~*~tactically~*~*~ (stealth).
  3441 | D:5      | 3441 ||| Stepping ~*~*~tactically~*~*~ (stealth).
  3540 | D:5      | 3540 ||| Stepping ~*~*~tactically~*~*~ (stealth).
  3569 | D:5      | Found a sacrificial altar of Ru.
  3861 | D:5      | Found a sparkling altar of Nemelex Xobeh.
  3862 | D:5      | Found an opulent altar of Gozag.
  3875 | D:5      | 3875 ||| Stepping ~*~*~tactically~*~*~ (outnumbered).
  4046 | D:5      | 4046 ||| UPGRADING to +0 kite shield.
  4051 | D:5      | 4051 ||| DROPPING amulet of the acrobat.
  4052 | D:5      | 4052 ||| DROPPING ring of wizardry.
  4053 | D:5      | 4053 ||| READING 3 scrolls labelled GAPSAM OCIWE.
  4054 | D:5      | 4054 ||| DRINKING 2 fizzy orange potions.
  4054 | D:5      | Gained mutation: Your flesh is heat resistant. (rF+)
                  | [potion of mutation]
  4054 | D:5      | Gained mutation: Your system is resistant to poisons.
                  | (rPois) [potion of mutation]
  4054 | D:5      | Gained mutation: Potions are less effective at restoring
                  | your health. [potion of mutation]
  4054 | D:5      | Gained mutation: Your flesh is cold resistant. (rC+)
                  | [potion of mutation]
  4055 | D:5      | 4055 ||| DRINKING potion of mutation.
  4055 | D:5      | Lost mutation: Potions are less effective at restoring your
                  | health. [potion of mutation]
  4055 | D:5      | Lost mutation: Your flesh is cold resistant. (rC+) [potion
                  | of mutation]
  4055 | D:5      | Lost mutation: Your flesh is heat resistant. (rF+) [potion
                  | of mutation]
  4055 | D:5      | Gained mutation: You are weak. (Str -2) [potion of
                  | mutation]
  4055 | D:5      | Gained mutation: You are very weak. (Str -4) [potion of
                  | mutation]
  4055 | D:5      | Gained mutation: You have a somewhat thin skeletal
                  | structure. (Dex +2, Stealth+) [potion of mutation]
  4056 | D:5      | 4056 ||| READING 2 scrolls of identify.
  4056 | D:5      | 4056 ||| IDENTIFYING silvery potion
  4057 | D:5      | 4057 ||| DROPPING potion of flight.
  4058 | D:5      | 4058 ||| DROPPING 2 scrolls of butterflies.
  4125 | D:6      | Reached skill level 1 in Shields
  4138 | D:6      | 4138 ||| Stepping ~*~*~tactically~*~*~ (stealth).
  4166 | D:6      | 4166 ||| Stepping ~*~*~tactically~*~*~ (stealth).
  4168 | D:6      | 4168 ||| Stepping ~*~*~tactically~*~*~ (stealth).
  4177 | D:6      | Reached skill level 3 in Shields
  4177 | D:6      | Reached XP level 8. HP: 75/75 MP: 8/8
  4413 | D:6      | Found a hazy altar of Hepliaklqana.
  4440 | D:6      | 4440 ||| Stepping ~*~*~tactically~*~*~ (hiding).
  4441 | D:6      | 4441 ||| Stepping ~*~*~tactically~*~*~ (hiding).
  4446 | D:6      | 4446 ||| Stepping ~*~*~tactically~*~*~ (outnumbered).
  4458 | D:6      | 4458 ||| Stepping ~*~*~tactically~*~*~ (stealth).
  4459 | D:6      | 4459 ||| Stepping ~*~*~tactically~*~*~ (stealth).
  4461 | D:6      | 4461 ||| Stepping ~*~*~tactically~*~*~ (stealth).
  4464 | D:6      | 4464 ||| Stepping ~*~*~tactically~*~*~ (stealth).
  4466 | D:6      | 4466 ||| Stepping ~*~*~tactically~*~*~ (stealth).
  4468 | D:6      | 4468 ||| Stepping ~*~*~tactically~*~*~ (stealth).
  4470 | D:6      | 4470 ||| Stepping ~*~*~tactically~*~*~ (stealth).
  4472 | D:6      | 4472 ||| Stepping ~*~*~tactically~*~*~ (stealth).
  4486 | D:6      | 4486 ||| DRINKING 2 inky potions.
  4572 | D:7      | Found a flagged portal.
  4591 | D:7      | Reached skill level 6 in Shields
  4592 | D:7      | 4592 ||| Stepping ~*~*~tactically~*~*~ (stealth).
  4630 | D:7      | Reached skill level 1 in Dodging
  4637 | D:7      | Reached skill level 9 in Unarmed Combat
  4707 | D:7      | Noticed Menkaure
  4711 | D:7      | Killed Menkaure
  4991 | D:7      | Noticed Prince Ribbit
  4992 | D:7      | 4992 ||| INVOKING Fiery Armour.
  4994 | D:7      | 4994 ||| Stepping ~*~*~tactically~*~*~ (stealth).
  4996 | D:7      | Reached XP level 9. HP: 81/83 MP: 9/9
  5005 | D:7      | Killed Prince Ribbit
  5268 | D:7      | Noticed a red ugly thing
  5272 | D:7      | Noticed a cyclops
  5273 | D:7      | 5273 ||| Stepping ~*~*~tactically~*~*~ (stealth).
  5282 | D:7      | 5282 ||| Stepping ~*~*~tactically~*~*~ (stealth).
  5284 | D:7      | 5284 ||| INVOKING Fiery Armour.
  5284 | D:7      | HP: 20/83 [red ugly thing (11)]
  5285 | D:7      | 5285 ||| Stepping ~*~*~tactically~*~*~ (stealth).
  5285 | D:7      | HP: 4/83 [red ugly thing (7)]
  5286 | D:7      | 5286 ||| READING 5 scrolls of teleportation.
  5286 | D:7      | HP: 1/83 [red ugly thing (5)]
  5286 | D:7      | Slain by a red ugly thing

Levels and vault maps discovered:
D:1:      lordsloth_arrival_two_stooges, layout_basic, st_stairs_5,
          minmay_indecisive_spiral
D:2:      minmay_roachtagon, layout_loops_ring, minivault_19,
          serial_bayou_pond_b
D:3:      layout_loops_ring, shapermc_ecumenical_altar_starsandcircs,
          chequers_serial_rivers_micro_d, nrook_uturn,
          amcnicky_mini_corridor_feature, amcnicky_mini_pool_small
D:4:      layout_cave_pools, uniq_ijyb
D:5:      layout_layer_cave, lemuel_doored_altar, mainiacjoe_overflow_24_doors,
          grunt_temple_overflow_opulence, minmay_temple_entry_arrows,
          grunt_decor_resistance, grunt_ministairs_15
D:6:      layout_basic, nzn_hepliaklqana_mist_gate
D:7:      minmay_cornered_nines, layout_gridville, enter_bailey_2,
          uniq_menkaure, uniq_prince_ribbit1

Skill      XL: |  1  2  3  4  5  6  7  8  9 |
---------------+----------------------------+-----
Unarmed Combat | 4 5 6 8 9 |  9.8
Fighting       | 3 |  3.3
Shields        | 3 6 7 |  7.0
Dodging        | 1 |  1.0
Spellcasting   | |  1.0
Fire Magic     | |  2.1

Action                   |  1- 3 |  4- 6 |  7- 9 || total
-------------------------+-------+-------+-------++-------
Melee: Unarmed           |   116 |   142 |   132 ||   390
       Punch             |     1 |     1 |       ||     2
Throw: Boomerang         |       |    13 |    38 ||    51
Invok: Fiery Armour      |       |     4 |     2 ||     6
  Use: Scroll            |     6 |     7 |     3 ||    16
       Potion            |       |     6 |     3 ||     9
Armor: Robe              |    45 |    45 |    38 ||   128
Dodge: Dodged            |    43 |    50 |    37 ||   130
Block: Other             |       |     9 |     3 ||    12
       Kite shield       |       |       |    78 ||    78
       Reflection        |       |       |     3 ||     3

Table legend:
 A = Non-vault XP
 B = Vault XP
 C = Vault XP percentage of total XP
 D = Non-vault monster count
 E = Vault monster count
 F = Vault count percentage of total count
                 A         B        C        D         E       F
            +---------+---------+-------+---------+---------+-------
      Total |    2886 |     630 |  17.9 |     150 |      23 |  13.3
            +---------+---------+-------+---------+---------+-------
        D:1 |      48 |       8 |  14.3 |      25 |       5 |  16.7
        D:2 |     119 |      26 |  17.9 |      26 |      14 |  35.0
        D:3 |     160 |       0 |   0.0 |      25 |       0 |   0.0
        D:4 |     153 |      38 |  19.9 |      21 |       1 |   4.5
        D:5 |     488 |     118 |  19.5 |      14 |       1 |   6.7
        D:6 |     886 |       0 |   0.0 |      20 |       0 |   0.0
        D:7 |    1032 |     440 |  29.9 |      19 |       2 |   9.5
            +---------+---------+-------+---------+---------+-------
